 Dungeon Crawl Stone Soup version 0.26.1-10-gdfb7c7de75 (webtiles) character file.

Game seed: 2527899674819820566

52 raph the Grave Robber (level 3, -3/26 HPs)
             Began as a Hill Orc Necromancer on Apr 6, 2021.
             Slain by a gnoll
             ... wielding a +0 whip
              (13 damage)
             ... on level 2 of the Dungeon.
             The game lasted 00:03:12 (1926 turns).

raph the Grave Robber (Hill Orc Necromancer)        Turns: 1926, Time: 00:03:13

Health: -3/26      AC:  5    Str: 10    XL:     3   Next: 85%
Magic:  4/5        EV: 12    Int: 16    God:
Gold:   100        SH:  0    Dex: 11    Spells: 0/5 levels left

rFire    . . .     SeeInvis .   p - +0 whip
rCold    . . .     Faith    .   (no shield)
rNeg     . . .     Spirit   .   a - +0 robe
rPois    .         Reflect  .   (no helmet)
rElec    .         Harm     .   (no cloak)
rCorr    +         Rampage  .   o - +2 pair of gloves
Will     .....                  (no boots)
Stlth    ++........             (no amulet)
HPRegen  0.08/turn              k - ring of wizardry (curse)
MPRegen  0.09/turn              n - ring of resist corrosion

@: no status effects
A: no striking features
a: no special abilities


You were on level 2 of the Dungeon.
You visited 1 branch of the dungeon, and saw 2 of its levels.

You collected 100 gold pieces.

Inventory:

Hand Weapons
 p - a +0 whip (weapon)
Armour
 a - a +0 robe (worn)
 o - a +2 pair of gloves (worn)
Jewellery
 k - a cursed ring of wizardry (left hand)
 n - a ring of resist corrosion (right hand)
Scrolls
 c - 2 scrolls of identify {unknown}
 i - a scroll of remove curse {unknown}
 j - a scroll of blinking {unknown}
 m - a scroll of immolation {unknown}
Potions
 b - 2 potions of curing {unknown}
 d - a potion of degeneration {unknown}
 e - a potion of heal wounds {unknown}
 f - a potion of lignification {unknown}
 g - a potion of ambrosia {unknown}
 h - a potion of haste {unknown}
 l - a potion of flight {unknown}
 q - a potion of brilliance {unknown}


   Skills:
 + Level 2.0 Dodging
 + Level 2.1 Stealth
 + Level 1.9 Spellcasting
 * Level 4.6 Necromancy


You couldn't memorise any spells.
You knew the following spells:

 Your Spells              Type           Power        Failure   Level
a - Pain                  Necr           64%          1%          1
b - Animate Skeleton      Necr           32%          1%          1
c - Vampiric Draining     Necr           8%           4%          3

Your spell library contained the following spells:

 Spells                   Type           Power        Failure   Level
 Animate Dead             Necr           8%           12%         4
 Agony                    Necr           16%          32%         5


Dungeon Overview and Level Annotations

Branches:
Dungeon (2/15)

Altars:
Dithmenos


Message History

A gnoll comes into view. It is wielding a +0 whip.
Found a scroll labelled ZUNUNY QIHO.
You see here a glowing rapier.
Casting: Pain (safe; 1% risk of failure)
Confirm with . or Enter, or press ? or * to list all spells.
Aiming: Pain (safe; 1% risk of failure)
Press: ? - help, Shift-Dir - straight line, f - worm
Aim: a worm (chance to affect: 81%)
The worm writhes in agony.
The gnoll shouts!
The gnoll throws a throwing net.
The throwing net hits you.
You become entangled in the net!
You struggle against the net.
You struggle against the net.
The gnoll hits you from afar with a +0 halberd!
Ouch! That really hurt!
You shred the net and break free! The gnoll hits you with a +0 whip!
Ouch! That really hurt!
You die...

#.. #.#.........# #######
#.#.........# .......
#.#.........# ######
#.#.........+ # #.#......§..#
#######.###########......§§.###
.........................§§§#
..##### #?...$.....#.....§§§#
......# #......g@..#..(.......
..)...# #....g.)w..#......#####
......# #....g.....#......#
......# #..........#......#
......# #..........##.#.#...
......# #........).##.#.####
....#...+.<.....?... .#..
..#.#.#.#...........#
....#.#.##........#.#


You could see a worm and 3 gnolls.

Vanquished Creatures
  A gnoll (D:1)
  An adder (D:2)
  An ooze (D:2)
  3 giant cockroaches (D:2)
  2 goblins (D:1)
  4 hobgoblins
  2 jackals (D:1)
  A ball python (D:2)
  4 bats
  4 frilled lizards
  4 kobolds
  5 rats
32 creatures vanquished.

Notes
Turn   | Place    | Note
-------+----------+-------------------------------------------
     0 | D:1      | raph the Hill Orc Necromancer began the quest for the Orb.
     0 | D:1      | Reached XP level 1. HP: 14/14 MP: 3/3
   224 | D:1      | Reached XP level 2. HP: 9/20 MP: 0/4
   817 | D:1      | Reached XP level 3. HP: 24/26 MP: 3/5
  1204 | D:2      | Learned a level 1 spell: Animate Skeleton
  1208 | D:2      | Learned a level 3 spell: Vampiric Draining
  1855 | D:2      | Found a shadowy altar of Dithmenos.
  1926 | D:2      | Slain by a gnoll

Illustrated notes

Levels and vault maps discovered:
D:1:      amcnicky_arrival_flooded_fountain, layout_basic
D:2:      layout_basic, grunt_dithmenos_smoke, nicolae_qazlal_eye_of_the_storm,
          uniq_crazy_yiuf_cottage

Skill      XL: |  1  2  3 |
---------------+----------+-----
Stealth        | 2 |  2.1
Dodging        | 2 |  2.0
Spellcasting   | |  1.9
Necromancy     | |  4.6

Action                   || total
-------------------------++-------
Melee: Whip              ||    13
 Cast: Pain              ||    59
       Animate Skeleton  ||     1
Armor: Robe              ||     6
Dodge: Dodged            ||    16
